 Dungeon Crawl Stone Soup version 0.30-a0-170-g85af917532 (webtiles) character file.

Game seed: 15470372737624514012

1311 dave1331 the Trooper (level 8, 0/68 (73) HPs)
             Began as a Hill Orc Fighter on Oct 1, 2022.
             Was an Initiate of Dithmenos.
             Slain by a wight
             ... wielding a +3 flail of freezing
              (3 damage)
             ... on level 6 of the Dungeon.
             The game lasted 00:17:46 (5822 turns).

dave1331 the Trooper (Hill Orc Fighter)             Turns: 5822, Time: 00:17:47

HP:   0/68 (73)     AC:  8    Str: 27    XL:     8   Next: 58%
MP:   8/8           EV:  9    Int:  8    God:    Dithmenos [......]
Gold: 309           SH:  5    Dex: 10    Spells: 7/7 levels left

rFire   . . .      SeeInvis .    v - +3 mace (vorpal)
rCold   . . .      Faith    .    c - +0 buckler
rNeg    . . .      Spirit   .    b - +1 scale mail
rPois   .          Reflect  .    (no helmet)
rElec   .          Harm     .    (no cloak)
rCorr   .          Rampage  .    (no gloves)
Will    .....                    (no boots)
Stlth   ..........               (no amulet)
HPRegen 0.21/turn                x - +6 ring of strength
MPRegen 0.11/turn                (no ring)

@: about to teleport, drained
A: no striking features
a: Renounce Religion


You were on level 6 of the Dungeon.
You worshipped Dithmenos.
Dithmenos was noncommittal.
You visited 1 branch of the dungeon, and saw 6 of its levels.

You collected 309 gold pieces.

Inventory:

Hand Weapons
 a - a +0 war axe
 v - a +3 vorpal mace (weapon)
Armour
 b - a +1 scale mail (worn)
 c - a +0 buckler (worn)
Jewellery
 f - a +6 ring of strength
 k - a ring of ice
 s - a ring of fire
 x - a +6 ring of strength (left hand)
Wands
 w - a wand of acid (3)
Scrolls
 g - a scroll of vulnerability
 i - a scroll of poison
 l - a scroll of noise
 m - 2 scrolls of teleportation
 n - a scroll of brand weapon {unknown}
 p - a scroll of fear {unknown}
 q - a scroll of fog {unknown}
 t - a scroll of immolation {unknown}
 u - 2 scrolls of enchant weapon
Potions
 d - 2 potions of might
 e - 2 potions of curing
 h - 2 potions of brilliance {unknown}
 j - 3 potions of degeneration {unknown}
 o - a potion of berserk rage {unknown}
 r - 3 potions of heal wounds {unknown}
 z - a potion of attraction {unknown}


   Skills:
 + Level 7.1 Fighting
 + Level 7.1 Axes
 + Level 6.4 Armour
 + Level 6.4 Shields


You had 7 spell levels left.
You didn't know any spells.
Your spell library contained the following spells:

 Spells                   Type           Power      Damage    Failure   Level
 Magic Dart               Conj           0%         1d3       75%         1
 Searing Ray              Conj           0%         2d4       86%         2
 Static Discharge         Conj/Air       0%         2-2/arc   86%         2
 Fulminant Prism          Conj/Hex       0%         3d6       100%        4
 Arcjolt                  Conj/Air       0%         1d10      100%        5
 Fireball                 Conj/Fire      0%         3d3       100%        5
 Iskenderun's Battlesphe  Conj           0%         2d6       100%        5
 Lightning Bolt           Conj/Air       0%         1d11      100%        5
 Conjure Ball Lightning   Conj/Air       0%         3x3d6     100%        6
 Orb of Destruction       Conj           0%         9d5       100%        7
 Maxwell's Capacitive Co  Air            0%         ∞         100%        8


Dungeon Overview and Level Annotations

Branches:
Dungeon (6/15)             Temple (0/1) D:4

Altars:
Dithmenos
Ru
Vehumet

Portals:
Ossuary: D:6


Message History

Dithmenos accepts your kill. The wight barely misses you.
The wight closely misses you. You block the wight's attack.
Your Axes skill increases to level 7!
You hit the wight.
The wight is moderately damaged.
The wight hits you but does no damage. The wight barely misses you.
The wight closely misses you. The wight barely misses you.
The wight completely misses you. The wight hits you but does no damage.
You block the wight's attack. The wight hits you with a +3 mace.
You feel drained.
You are too injured to fight recklessly!
You thump the wight!
The wight is almost destroyed.
The wight hits you with a +3 flail of freezing.
You feel drained. The wight freezes you. The wight hits you with a +0 dagger.
The wight hits you with a +3 mace.
* * * LOW HITPOINT WARNING * * *
The wight hits you but does no damage.
You barely miss the wight.
The wight is almost destroyed.
The wight hits you but does no damage. You block the wight's attack.
The wight barely misses you.
The wight hits you with a +3 morningstar of freezing!
* * * LOW HITPOINT WARNING * * *
You feel drained.
* * * LOW HITPOINT WARNING * * *
The wight freezes you.
* * * LOW HITPOINT WARNING * * *
The wight attacks as you move away! The wight barely misses you.
The wight attacks as you move away! You block the wight's attack.
The wight barely misses you. The wight attacks as you move away!
The wight misses you.
As you read the scroll of teleportation, it crumbles to dust.
You feel strangely unstable. The wight hits you with a +0 dagger.
* * * LOW HITPOINT WARNING * * *
You block the wight's attack. The wight attacks as you move away!
You block the wight's attack.
The wight hits you with a +3 flail of freezing.
You die...

......#.........#
...........##.##......##.
...........#...#.........
...........#.....#.......
...................##.##.
#.................#####
#...................#
.#.......zz..........###
.=....>..z.@...........#
....##...z..##........##
# #..#..####....#####
#..#...? ##...#
#...##.### ##.## ....#
### ### #...# ####


You could see 4 wights.

Vanquished Creatures
  A water moccasin (D:5)
  3 black bears
  An ogre (D:5)
  A centaur (D:6)
  A phantom (D:5)
  A necrophage (D:5)
  2 scorpions (D:5)
  5 hounds
  An orc priest (D:4)
  3 iguanas (D:5)
  2 orc wizards (D:4)
  4 gnolls (D:2)
  6 adders
  A shadow imp (D:5)
  A white imp (D:6)
  2 worms
  5 dart slugs
  7 orcs
  7 ball pythons
  2 bats
  7 endoplasms
  3 giant cockroaches
  3 goblins
  7 hobgoblins
  3 quokkas
  3 frilled lizards
  5 kobolds
  A rat (D:1)
88 creatures vanquished.

Vanquished Creatures (others)
  An orc wizard (D:4)
  A plant (D:2)
2 creatures vanquished.

Grand Total: 90 creatures vanquished

Notes
Turn   | Place    | Note
-------+----------+-------------------------------------------
     0 | D:1      | dave1331 the Hill Orc Fighter began the quest for the Orb.
     0 | D:1      | Reached XP level 1. HP: 19/19 MP: 1/1
   200 | D:1      | Reached XP level 2. HP: 23/27 MP: 2/2
   756 | D:1      | Reached XP level 3. HP: 31/33 MP: 3/3
  1156 | D:2      | Reached XP level 4. HP: 30/41 MP: 4/4
  1462 | D:2      | Reached XP level 5. HP: 17/47 MP: 5/5
  1834 | D:2      | Found a faded altar of an unknown god.
  3230 | D:4      | Reached skill level 5 in Fighting
  3535 | D:4      | Found a staircase to the Ecumenical Temple.
  3888 | D:4      | Found a sacrificial altar of Ru.
  3928 | D:4      | Reached XP level 6. HP: 56/56 MP: 6/6
  4152 | D:4      | Noticed a black bear
  4161 | D:4      | Killed a black bear
  4162 | D:4      | Reached skill level 5 in Axes
  4166 | D:4      | Reached skill level 5 in Armour
  4166 | D:4      | Reached skill level 5 in Shields
  4166 | D:4      | Reached XP level 7. HP: 46/61 MP: 7/7
  4300 | D:5      | Entered Level 5 of the Dungeon
  4356 | D:5      | Found a radiant altar of Vehumet.
  4638 | D:5      | Reached XP level 8. HP: 10/71 MP: 8/8
  5612 | D:5      | Found a shadowy altar of Dithmenos.
  5629 | D:5      | Became a worshipper of Dithmenos the Shadowed
  5707 | D:6      | Found a sand-covered staircase.
  5821 | D:6      | HP: 3/68 [wight/+0 dagger (2)]
  5822 | D:6      | Slain by a wight

Illustrated notes

Levels and vault maps discovered:
D:1:      nzn_arrival_settlement, layout_basic
D:2:      kennysheep_big_flooded_room, layout_basic,
          ebering_ecumenical_altar_box, kennysheep_cross_bottleneck,
          corexii_shack, kennysheep_nondescript
D:3:      layout_basic, st_stairs_7, minmay_door_square, serial_bayou_pond_a,
          amcnicky_mini_corridor_feature, feat_on_display
D:4:      layout_basic, kennysheep_mini, minmay_temple_entry_arrows
D:5:      layout_gridville, mainiacjoe_overflow_brackets,
          grunt_dithmenos_shadows
D:6:      layout_cave_pools, amcnicky_altar_gilded, nicolae_ossuary_entry_ruins,
          portal_sewer_entry_e, uniq_grinder

Skill      XL: |  1  2  3  4  5  6  7  8 |
---------------+-------------------------+-----
Axes           | 3 4 5 6 7 |  7.1
Fighting       | 4 5 6 7 |  7.1
Armour         | 4 5 6 |  6.4
Shields        | 4 5 6 |  6.4

Action                   |  1- 3 |  4- 6 |  7- 9 || total
-------------------------+-------+-------+-------++-------
Melee: War axe           |    76 |    62 |       ||   138
       Mace              |       |    61 |    94 ||   155
  Use: Scroll            |       |     4 |     6 ||    10
Armor: Scale mail        |    28 |    69 |    61 ||   158
Dodge: Dodged            |    31 |    71 |    75 ||   177
Block: Buckler           |    21 |    32 |    31 ||    84

Table legend: (Time is in decaauts)
 A = Elapsed time spent in this place.
 B = Non-inter-level travel time spent in this place.
 C = Inter-level travel time spent in this place.
 D = Time resting spent in this place.
 E = Time spent auto-exploring this place.
 F = Levels seen in this place.
 G = Mean time per level.
                   A        B        C        D        E       F      G
               +--------+--------+--------+--------+--------+-----+--------+
         Total |   5916 |   5886 |     30 |    936 |   3749 |   6 |  986.0 |
       Dungeon |   5916 |   5886 |     30 |    936 |   3749 |   6 |  986.0 |
               +--------+--------+--------+--------+--------+-----+--------+

Top non-repeatable levels by time:
     D:5: 1426 daAuts
     D:4: 1245 daAuts
     D:2: 1195 daAuts
     D:3: 991 daAuts
     D:1: 935 daAuts
     D:6: 121 daAuts
